| TOP OF THE 1ST |
|
Chicago (NYP) White Sox batting - Pitching for Connecticut Tigers : LHP Edwin Pacheco
|
|
Pitching: LHP Edwin Pacheco
|
|
|
Batting: RHB Jeremy Hoffert
|
0-0: Ball 1-0: Foul Ball, location: 2F 1-1: Swinging Strike 1-2: Foul Ball, location: 2F 1-2: Ball 2-2: Ball 3-2: Foul Ball, location: 2F 3-2: Strikes out swinging
|
|
Batting: RHB Justin Usner
|
0-0: Swinging Strike 0-1: Ball 1-1: Called Strike 1-2: DOUBLE (Line Drive, 78D, EV 106.3 MPH)
|
|
Batting: RHB Dusty Ballard
|
0-0: Ball Justin Usner steals 3rd base 1-0: Ball 2-0: Called Strike 2-1: Swinging Strike 2-2: Ball 3-2: Base on Balls
|
|
Batting: LHB Brandon Hopper
|
0-0: Ball 1-0: Ball 2-0: Called Strike Dusty Ballard steals 2nd base 2-1: SINGLE (Line Drive, 9LS, EV 98.1 MPH) Justin Usner scores Dusty Ballard to third
|
|
Batting: RHB Mitch Cuadros
|
0-0: Called Strike 0-1: Foul Ball, location: 2F 0-2: Ball 1-2: Ball 2-2: Fly out, F8 (Flyball, 8LD, EV 98.1 MPH) Runner from 3rd tags up, SCORES, throw by CF
|
|
Batting: RHB Bill Mannino
|
0-0: Called Strike 0-1: Swinging Strike 0-2: Foul Ball, location: 2F 0-2: Ball 1-2: Strikes out swinging
|
| Top of the 1st over - 2 runs, 2 hits, 0 errors, 1 left on base; Chicago (NYP) 2 - Connecticut 0 |
| BOTTOM OF THE 1ST |
|
Connecticut Tigers batting - Pitching for Chicago (NYP) White Sox : RHP Cole Wanat
|
|
Pitching: RHP Cole Wanat
|
|
|
Batting: RHB Mike Sebastian
|
0-0: Called Strike 0-1: Foul Ball, location: 2F 0-2: Ball 1-2: Foul Ball, location: 2F 1-2: Foul Ball, location: 2F 1-2: Strikes out swinging
|
|
Batting: SHB Adam Weber
|
0-0: Ball 1-0: Ball 2-0: Ball 3-0: Called Strike 3-1: SINGLE (Line Drive, 9S, EV 88.8 MPH)
|
|
Batting: RHB John Evancho
|
0-0: Ball 1-0: Ball 2-0: Foul Ball, location: 2F 2-1: Foul Ball, location: 2F 2-2: Foul Ball, location: 2F 2-2: Foul Ball, location: 2F 2-2: Fielders Choice at 2nd, 4-6 (Groundball, 4S, EV 89.4 MPH)
|
|
Batting: RHB Eric Angelle
|
0-0: Ball 1-0: SINGLE (Groundball, 5S, EV 68.8 MPH) (infield hit) John Evancho to second
|
|
Batting: RHB Keith Hoffman
|
0-0: Ball 1-0: Ball Wild Pitch! John Evancho to third Eric Angelle to second 2-0: Called Strike 2-1: Swinging Strike 2-2: Foul Ball, location: 2F 2-2: Foul Ball, location: 2F 2-2: Ball 3-2: Ground out 6-3 (Groundball, 56, EV 101.9 MPH)
|
| Bottom of the 1st over - 0 runs, 2 hits, 0 errors, 2 left on base; Chicago (NYP) 2 - Connecticut 0 |
| TOP OF THE 2ND |
|
Chicago (NYP) White Sox batting - Pitching for Connecticut Tigers : LHP Edwin Pacheco
|
|
Batting: LHB Wes Goscinski
|
0-0: Foul Ball, location: 2F 0-1: Swinging Strike 0-2: Foul Ball, location: 2F 0-2: Ball 1-2: Ball 2-2: Ball 3-2: Strikes out swinging
|
|
Batting: SHB Jason Bresnahan
|
0-0: Ball 1-0: Ball 2-0: Ball 3-0: Called Strike 3-1: Foul Ball, location: 2F 3-2: Strikes out swinging
|
|
Batting: RHB David Laureano
|
0-0: Ball 1-0: Ball 2-0: Foul Ball, location: 2F 2-1: Ball 3-1: Base on Balls
|
|
Batting: RHB Jeremy Hoffert
|
0-0: Ball 1-0: Ground out 5-3 (Groundball, 56S, EV 83.8 MPH)
|
| Top of the 2nd over - 0 runs, 0 hits, 0 errors, 1 left on base; Chicago (NYP) 2 - Connecticut 0 |
| BOTTOM OF THE 2ND |
|
Connecticut Tigers batting - Pitching for Chicago (NYP) White Sox : RHP Cole Wanat
|
|
Batting: RHB Tanner Purchase
|
0-0: Swinging Strike 0-1: Foul Ball, location: 2F 0-2: Strikes out swinging
|
|
Batting: SHB Sean Foley
|
0-0: Called Strike 0-1: Ball 1-1: Foul Ball, location: 2F 1-2: Foul Ball, location: 2F 1-2: Foul Ball, location: 2F 1-2: Ball 2-2: Ball 3-2: Strikes out swinging
|
|
Batting: RHB Billy Verdusco
|
0-0: Swinging Strike 0-1: Ball 1-1: Called Strike 1-2: Ball 2-2: Strikes out looking
|
| Bottom of the 2nd over - 0 runs, 0 hits, 0 errors, 0 left on base; Chicago (NYP) 2 - Connecticut 0 |
| TOP OF THE 3RD |
|
Chicago (NYP) White Sox batting - Pitching for Connecticut Tigers : LHP Edwin Pacheco
|
|
Batting: RHB Justin Usner
|
0-0: Foul Ball, location: 2F 0-1: Ground out 6-3 (Groundball, 6, EV 86.3 MPH)
|
|
Batting: RHB Dusty Ballard
|
0-0: Ball 1-0: Called Strike 1-1: Ball 2-1: Ball 3-1: Ground out 4-3 (Groundball, 4, EV 91.3 MPH)
|
|
Batting: LHB Brandon Hopper
|
0-0: Called Strike 0-1: Ball 1-1: Foul Ball, location: 2F 1-2: Fly out, F7 (Flyball, 7LM, EV 88.8 MPH)
|
| Top of the 3rd over - 0 runs, 0 hits, 0 errors, 0 left on base; Chicago (NYP) 2 - Connecticut 0 |
| BOTTOM OF THE 3RD |
|
Connecticut Tigers batting - Pitching for Chicago (NYP) White Sox : RHP Cole Wanat
|
|
Batting: RHB Brian Singer
|
0-0: Ball 1-0: Called Strike 1-1: Swinging Strike 1-2: Foul Ball, location: 2F 1-2: Ball 2-2: Strikes out swinging
|
|
Batting: RHB Mike Sebastian
|
0-0: Called Strike 0-1: Ball 1-1: Called Strike 1-2: Ball 2-2: Ball 3-2: Base on Balls
|
|
Batting: SHB Adam Weber
|
0-0: Ball Mike Sebastian steals 2nd base 1-0: Foul Ball, location: 2F 1-1: Ball Mike Sebastian steals 3rd base 2-1: Swinging Strike 2-2: Ball 3-2: Ground out 5-3 (Groundball, 5, EV 85.0 MPH)
|
|
Batting: RHB John Evancho
|
0-0: Ground out 4-3 (Groundball, 4, EV 78.8 MPH)
|
| Bottom of the 3rd over - 0 runs, 0 hits, 0 errors, 1 left on base; Chicago (NYP) 2 - Connecticut 0 |
| TOP OF THE 4TH |
|
Chicago (NYP) White Sox batting - Pitching for Connecticut Tigers : LHP Edwin Pacheco
|
|
Batting: RHB Mitch Cuadros
|
0-0: Ball 1-0: Ball 2-0: Called Strike 2-1: Foul Ball, location: 2F 2-2: Strikes out swinging
|
|
Batting: RHB Bill Mannino
|
0-0: Ball 1-0: Foul Ball, location: 2F 1-1: Foul Ball, location: 2F 1-2: Strikes out looking
|
|
Batting: LHB Wes Goscinski
|
0-0: Called Strike 0-1: Ball 1-1: Ground out 1-3 (Groundball, 13S, EV 75.0 MPH)
|
| Top of the 4th over - 0 runs, 0 hits, 0 errors, 0 left on base; Chicago (NYP) 2 - Connecticut 0 |
| BOTTOM OF THE 4TH |
|
Connecticut Tigers batting - Pitching for Chicago (NYP) White Sox : RHP Cole Wanat
|
|
Batting: RHB Eric Angelle
|
0-0: Ball 1-0: Ball 2-0: Called Strike 2-1: Swinging Strike 2-2: Foul Ball, location: 2F 2-2: SINGLE (Groundball, 5S, EV 70.0 MPH) (infield hit)
|
|
Batting: RHB Keith Hoffman
|
0-0: Called Strike 0-1: Foul Ball, location: 2F 0-2: Ball 1-2: Ball 2-2: Strikes out looking
|
|
Batting: RHB Tanner Purchase
|
0-0: Ball 1-0: Ball 2-0: SINGLE (Groundball, 6MD, EV 103.1 MPH) Eric Angelle to second
|
|
Batting: SHB Sean Foley
|
0-0: Called Strike 0-1: Ball Wild Pitch! Eric Angelle to third Tanner Purchase to second 1-1: Ball 2-1: Swinging Strike 2-2: Strikes out swinging
|
|
Batting: RHB Billy Verdusco
|
0-0: Ball 1-0: DOUBLE (Line Drive, 78D, EV 102.5 MPH) Eric Angelle scores Tanner Purchase scores
|
|
Batting: RHB Brian Singer
|
0-0: Ball 1-0: Swinging Strike 1-1: Swinging Strike 1-2: Ball 2-2: Strikes out swinging
|
| Bottom of the 4th over - 2 runs, 3 hits, 0 errors, 1 left on base; Chicago (NYP) 2 - Connecticut 2 |
| TOP OF THE 5TH |
|
Chicago (NYP) White Sox batting - Pitching for Connecticut Tigers : LHP Edwin Pacheco
|
|
Pitching: RHP David Esposito
|
|
|
Batting: SHB Jason Bresnahan
|
0-0: Ground out 4-3 (Groundball, 4, EV 106.9 MPH)
|
|
Batting: RHB David Laureano
|
0-0: Called Strike 0-1: Foul Ball, location: 2F 0-2: Ball 1-2: Strikes out swinging
|
|
Batting: RHB Jeremy Hoffert
|
0-0: Called Strike 0-1: Ball 1-1: Swinging Strike 1-2: Strikes out swinging
|
| Top of the 5th over - 0 runs, 0 hits, 0 errors, 0 left on base; Chicago (NYP) 2 - Connecticut 2 |
| BOTTOM OF THE 5TH |
|
Connecticut Tigers batting - Pitching for Chicago (NYP) White Sox : RHP Cole Wanat
|
|
Batting: RHB Mike Sebastian
|
0-0: Ball 1-0: Ball 2-0: Ball 3-0: Called Strike 3-1: Fly out, F8 (Flyball, 78D, EV 95.0 MPH)
|
|
Batting: SHB Adam Weber
|
0-0: Ball 1-0: Called Strike 1-1: Ball 2-1: Ball 3-1: TRIPLE (Flyball, 9LD, EV 97.5 MPH)
|
|
Batting: RHB John Evancho
|
0-0: Swinging Strike 0-1: DOUBLE (Line Drive, 7LM, EV 89.4 MPH) Adam Weber scores
|
|
Batting: RHB Eric Angelle
|
0-0: Ball John Evancho steals 3rd base 1-0: Ground out 6-3 (Groundball, 6, EV 83.1 MPH)
|
|
Batting: RHB Keith Hoffman
|
0-0: Called Strike 0-1: Ball 1-1: Foul Ball, location: 2F 1-2: Strikes out looking
|
| Bottom of the 5th over - 1 run, 2 hits, 0 errors, 1 left on base; Chicago (NYP) 2 - Connecticut 3 |
| TOP OF THE 6TH |
|
Chicago (NYP) White Sox batting - Pitching for Connecticut Tigers : RHP David Esposito
|
|
Batting: RHB Justin Usner
|
0-0: Ball 1-0: Ball 2-0: Called Strike 2-1: Ball 3-1: Base on Balls
|
|
Batting: RHB Dusty Ballard
|
0-0: Called Strike 0-1: Ball 1-1: Foul Ball, location: 2F 1-2: Ball 2-2: Strikes out swinging
|
|
Batting: LHB Brandon Hopper
|
0-0: Called Strike 0-1: Ball 1-1: Ball 2-1: Foul Ball, location: 2F 2-2: Foul Ball, location: 2F 2-2: Fly out, F6 (Line Drive, 6, EV 68.1 MPH)
|
|
Batting: RHB Mitch Cuadros
|
0-0: Ball 1-0: Called Strike 1-1: Foul Ball, location: 2F 1-2: Strikes out looking
|
| Top of the 6th over - 0 runs, 0 hits, 0 errors, 1 left on base; Chicago (NYP) 2 - Connecticut 3 |
| BOTTOM OF THE 6TH |
|
Connecticut Tigers batting - Pitching for Chicago (NYP) White Sox : RHP Cole Wanat
|
|
Pitching: LHP Wang Jing
|
|
|
Batting: RHB Tanner Purchase
|
0-0: Ball 1-0: SINGLE (Line Drive, 7LS, EV 106.9 MPH)
|
|
Batting: SHB Sean Foley
|
0-0: Grounds into double play, 6-4-3 (Groundball, 6, EV 93.8 MPH)
|
|
Batting: RHB Billy Verdusco
|
0-0: Swinging Strike 0-1: Swinging Strike 0-2: Ball 1-2: Strikes out swinging
|
| Bottom of the 6th over - 0 runs, 1 hit, 0 errors, 0 left on base; Chicago (NYP) 2 - Connecticut 3 |
| TOP OF THE 7TH |
|
Chicago (NYP) White Sox batting - Pitching for Connecticut Tigers : RHP David Esposito
|
|
Pitching: RHP Eddie Hodgson
|
|
|
Batting: RHB Bill Mannino
|
0-0: Called Strike 0-1: Ball 1-1: Ball 2-1: Ball 3-1: Base on Balls
|
|
Batting: LHB Wes Goscinski
|
0-0: Ball 1-0: Fly out, F8 (Flyball, 8LXD, EV 83.1 MPH)
|
|
Batting: SHB Jason Bresnahan
|
0-0: Swinging Strike 0-1: Foul Ball, location: 2F 0-2: Ball 1-2: Ball 2-2: Foul Ball, location: 2F 2-2: Strikes out swinging
|
|
Pinch Hitting: LHB James Groshong
|
0-0: Ball Bill Mannino steals 2nd base 1-0: Foul Ball, location: 2F 1-1: Foul Ball, location: 2F 1-2: Ball 2-2: Foul Ball, location: 2F 2-2: Ball 3-2: Ground out U3 (Groundball, 3L, EV 80.0 MPH)
|
| Top of the 7th over - 0 runs, 0 hits, 0 errors, 1 left on base; Chicago (NYP) 2 - Connecticut 3 |
| BOTTOM OF THE 7TH |
|
Connecticut Tigers batting - Pitching for Chicago (NYP) White Sox : LHP Wang Jing
|
|
Pitching: RHP Miguel Romero
|
|
|
Now at 2B: Mike Zern
|
|
|
Now at 3B: Dusty Ballard
|
|
|
Now at SS: Jason Bresnahan
|
|
|
Batting: RHB Brian Singer
|
0-0: Ground out U3 (Groundball, 34, EV 78.1 MPH)
|
|
Batting: RHB Mike Sebastian
|
0-0: Called Strike 0-1: Ball 1-1: SINGLE (Line Drive, 78M, EV 106.9 MPH)
|
|
Batting: SHB Adam Weber
|
0-0: Called Strike 0-1: Called Strike 0-2: Strikes out swinging
|
|
Batting: RHB John Evancho
|
0-0: Called Strike 0-1: Called Strike 0-2: Foul Ball, location: 2F 0-2: SINGLE (Groundball, 6, EV 95.0 MPH) Mike Sebastian to second Runner from 2nd tries for 3rd, OUT! 8-5
|
| Bottom of the 7th over - 0 runs, 2 hits, 0 errors, 1 left on base; Chicago (NYP) 2 - Connecticut 3 |
| TOP OF THE 8TH |
|
Chicago (NYP) White Sox batting - Pitching for Connecticut Tigers : RHP Eddie Hodgson
|
|
Pitching: LHP Valentin Ciubotariu
|
|
|
Batting: RHB Jeremy Hoffert
|
0-0: Ball 1-0: Swinging Strike 1-1: Foul Ball, location: 2F 1-2: SINGLE (Line Drive, 8RS, EV 107.5 MPH)
|
|
Batting: RHB Justin Usner
|
0-0: Ball 1-0: Called Strike 1-1: Ball 2-1: Fly out, F8 (Flyball, 78M, EV 89.4 MPH)
|
|
Batting: RHB Dusty Ballard
|
0-0: Ball 1-0: Ball 2-0: Called Strike 2-1: SINGLE (Flyball, 8RS, EV 93.1 MPH) Jeremy Hoffert to second
|
|
Pinch Hitting: RHB Pat Pemberton
|
0-0: Foul Ball, location: 2F 0-1: Ball 1-1: Swinging Strike 1-2: Strikes out swinging
|
|
Batting: RHB Mitch Cuadros
|
0-0: Called Strike 0-1: Called Strike 0-2: Ball 1-2: Ball 2-2: SINGLE (Groundball, P, EV 85.0 MPH) (infield hit) Jeremy Hoffert to third Dusty Ballard to second
|
|
Batting: RHB Bill Mannino
|
0-0: Ball 1-0: Foul Ball, location: 2F 1-1: Foul Ball, location: 2F 1-2: Strikes out swinging
|
| Top of the 8th over - 0 runs, 3 hits, 0 errors, 3 left on base; Chicago (NYP) 2 - Connecticut 3 |
| BOTTOM OF THE 8TH |
|
Connecticut Tigers batting - Pitching for Chicago (NYP) White Sox : RHP Miguel Romero
|
|
Pitching: RHP Jose Vigil
|
|
|
Now in RF: Victor Orozco
|
|
|
Batting: RHB Eric Angelle
|
0-0: Ball 1-0: Foul Ball, location: 2F 1-1: Ball 2-1: Foul Ball, location: 2F 2-2: Ball 3-2: Base on Balls
|
|
Batting: RHB Keith Hoffman
|
0-0: Ball Wild Pitch! Eric Angelle to second 1-0: Fly out, F4 (Line Drive, 4, EV 67.5 MPH)
|
|
Batting: RHB Tanner Purchase
|
0-0: Swinging Strike 0-1: Swinging Strike 0-2: Ball 1-2: Ball 2-2: Strikes out looking
|
|
Batting: SHB Sean Foley
|
0-0: Foul Ball, location: 2F 0-1: Ball 1-1: DOUBLE (Line Drive, 7LD, EV 107.5 MPH) Eric Angelle scores
|
|
Batting: RHB Billy Verdusco
|
0-0: Ball 1-0: Called Strike 1-1: Called Strike 1-2: DOUBLE (Line Drive, 5D, EV 107.5 MPH) Sean Foley scores
|
|
Batting: RHB Brian Singer
|
0-0: Ball 1-0: Swinging Strike 1-1: Foul Ball, location: 2F 1-2: Ball 2-2: Strikes out swinging
|
| Bottom of the 8th over - 2 runs, 2 hits, 0 errors, 1 left on base; Chicago (NYP) 2 - Connecticut 5 |
| TOP OF THE 9TH |
|
Chicago (NYP) White Sox batting - Pitching for Connecticut Tigers : LHP Valentin Ciubotariu
|
|
Pitching: LHP Chris Woodruff
|
|
|
Now at 1B: John Welch
|
|
|
Batting: LHB Wes Goscinski
|
0-0: Ball 1-0: Called Strike 1-1: Ball 2-1: Ball 3-1: Base on Balls
|
|
Batting: SHB Jason Bresnahan
|
0-0: Fielders Choice at 2nd, 2-6 (Groundball, 13S, EV 65.0 MPH)
|
|
Batting: RHB Mike Zern
|
0-0: Ball 1-0: Called Strike 1-1: Ball 2-1: Foul Ball, location: 2F 2-2: 2-RUN HOME RUN (Flyball, 78XD, EV 115.0 MPH), Distance : 442 ft
|
|
Batting: RHB Jeremy Hoffert
|
0-0: Ball 1-0: Foul Ball, location: 2F 1-1: Foul Ball, location: 2F 1-2: SINGLE (Groundball, 56, EV 96.3 MPH)
|
|
Batting: RHB Justin Usner
|
0-0: Grounds into double play, 6-4-3 (Groundball, 56S, EV 81.3 MPH)
|
| Top of the 9th over - 2 runs, 2 hits, 0 errors, 0 left on base; Chicago (NYP) 4 - Connecticut 5 |
|